 Dungeon Crawl Stone Soup version 0.19-a0-465-g1d1674b (webtiles) character file.

28 Geppetto the Scratcher (level 3, 17/17 HPs)
             Began as a Felid Monk on June 3, 2016.
             Quit the game on level 3 of the Dungeon.
             The game lasted 00:06:47 (2224 turns).

Geppetto the Scratcher (Felid Monk)                 Turns: 2224, Time: 00:06:48

Health: 17/17      AC:  1    Str:  7    XL:     3   Next: 0%
Magic:  4/4        EV: 20    Int: 11    God:
Gold:   152        SH:  3    Dex: 19    Spells: 0 memorised, 2 levels left
                                        Lives:  0   Deaths: 1

rFire  . . .     SeeInvis +       - Unarmed
rCold  . . .     Gourm    .     (armour unavailable)
rNeg   . . .     Faith    .     (shield unavailable)
rPois  .         Spirit   .     (helmet unavailable)
rElec  .         Dismiss  .     (cloak unavailable)
rCorr  .         Reflect  +     (gloves unavailable)
SustAt .         Harm     .     (boots unavailable)
MR     .....                    p - +3 amulet of reflection
Stlth  ++++......               (no ring)
                                (no ring)

@: quick, not resistant to hostile enchantments, stealthy
A: no armour, no weapons or thrown items, claws 1, fangs 3, see invisible,
carnivore 3, speed 1, shaggy fur 1, slow metabolism 1, sharp paws
a: no special abilities


You were on level 3 of the Dungeon.
You were not hungry.

You visited 1 branch of the dungeon, and saw 3 of its levels.

You collected 152 gold pieces.

Inventory:

Jewellery
 g - an uncursed amulet of faith
 p - a +3 amulet of reflection (around neck)
Wands
 d - a wand of lightning (0/15)
 q - a wand of random effects (7/48)
Scrolls
 e - a scroll of identify {unknown}
 h - a scroll of fear {unknown}
 j - a scroll of immolation {unknown}
 k - a scroll of remove curse {unknown}
 l - a scroll of noise {unknown}
Potions
 b - a potion of mutation {unknown}
 c - a potion of might {unknown}
 f - a potion of brilliance {unknown}
 i - a potion of degeneration {unknown}
 m - a potion of lignification {unknown}
Books
 n - a book of Alchemy

   Spells                             Type                      Level
   a - Sublimation of Blood           Necromancy                   2
   b - Ignite Poison                  Fire/Transmutation/Poison    3
   c - Petrify                        Transmutation/Earth          4
   d - Alistair's Intoxication        Transmutation/Poison         5
   e - Irradiate                      Conjuration/Transmutation    5
Comestibles
 a - 3 meat rations
 o - 5 chunks of flesh


   Skills:
 * Level 3.0 Fighting
 - Level 4.0 Dodging
 + Level 4.2 Stealth
 - Level 5.0 Unarmed Combat


You had 2 spell levels left.
You didn't know any spells.

Dungeon Overview and Level Annotations

Branches:
Dungeon (3/15)

Altars:
Gozag
Qazlal
Trog
Xom

Annotations:
D:3 exclusion: gnoll, Crazy Yiuf, Sigmund


Innate Abilities, Weirdness & Mutations

You cannot wear armour.
You are incapable of wielding weapons or throwing items.
You have sharp claws.
You have razor-sharp teeth.
You have supernaturally acute eyesight. (SInv)
You are carnivorous and can eat meat at any time.
You cover ground quickly.
You are covered in fur. (AC +1)
You have a slow metabolism.
Your sharp claws are effective at attacking unaware monsters.


Message History

Found a mace.
Crazy Yiuf the Enlightened comes into view.
He is wielding a quarterstaff of chaos.
Crazy Yiuf shouts!
Evoke which item? (* to show all) (? for menu, Esc to quit)
Zapping:
q - a wand of random effects (will waste charges)
Press: ? - help, Shift-Dir - straight line, f - Crazy Yiuf
Aim: Crazy Yiuf, wielding a quarterstaff of chaos and wearing a cloak You hear a mighty clap of thunder!
The bolt of lightning misses Crazy Yiuf.
Evoking this partially-identified wand wasted a few charges.
Crazy Yiuf flaps his cloak.
You claw Crazy Yiuf!
Crazy Yiuf is moderately wounded.
Crazy Yiuf hits you with a quarterstaff of chaos!
Ouch! That really hurt!
You die...
You feel much better.
You are now level 3!
You rejoin the land of the living...
Are you sure you want to abandon this character and quit the game? (Confirm with "yes".)

...........#####.รท
######..##....@.).
#..............
#...###########
###....# #####
#@.#..... #...#
#... #### #...#
#.#.# #.@.# #.#..
#...# #.##..
#........ ...
#...### #...# ####.
. .#


There were no monsters in sight!

Vanquished Creatures
  2 adders
  2 worms
  A dart slug (D:2)
  2 giant geckos
  3 orcs (D:3)
  2 giant cockroaches (D:1)
  4 hobgoblins (D:1)
  3 kobolds
  A quokka (D:2)
  A ball python (D:1)
  3 bats
  2 giant newts
  7 goblins
  5 rats
38 creatures vanquished.

Notes
Turn   | Place    | Note
--------------------------------------------------------------
     0 | D:1      | Geppetto the Felid Monk began the quest for the Orb.
     0 | D:1      | Reached XP level 1. HP: 10/10 MP: 2/2
   228 | D:1      | Reached XP level 2. HP: 11/14 MP: 3/3
  1489 | D:2      | Reached XP level 3. HP: 17/17 MP: 4/4
  1610 | D:2      | Found a bloodstained altar of Trog.
  1986 | D:2      | Found a shimmering altar of Xom.
  1986 | D:2      | Found a stormy altar of Qazlal.
  2022 | D:3      | Found a faded altar of an unknown god.
  2095 | D:3      | Found an opulent altar of Gozag.
  2112 | D:3      | Reached skill level 5 in Unarmed Combat
  2176 | D:3      | Noticed Sigmund
  2182 | D:3      | Reached XP level 4. HP: 21/21 MP: 5/5
  2219 | D:3      | Noticed Crazy Yiuf
  2223 | D:3      | Mangled by Crazy Yiuf
  2224 | D:3      | Reached XP level 3. HP: 17/17 MP: 4/4
  2224 | D:3      | Quit the game

Vault maps used:
D:1:      dpeg_arrival_lava_temple_mockup
D:2:      lightli_temple_of_fire, gammafunk_temple_overflow_wave,
          feat_on_display
D:3:      nicolae_gozag_seed_capital, ecumenical_altar_2,
          nicolae_qazlal_eye_of_the_storm, uniq_crazy_yiuf_cottage,
          uniq_terence, uniq_sigmund, uniq_jessica

Skill      XL: |  1  2  3 |
---------------+----------+-----
Stealth        | 3 4 |  4.2
Unarmed Combat | 5 |  5.0
Fighting       | |  3.0
Dodging        | |  4.0

Action                   |  1- 3 |  4- 6 || total
-------------------------+-------+-------++-------
Melee: Unarmed           |   110 |     1 ||   111
       Bite              |     7 |       ||     7
       Punch             |     1 |       ||     1
Evoke: Wand              |       |     2 ||     2
 Stab: Sleeping          |    11 |       ||    11
  Eat: Chunk             |    10 |       ||    10
Armor: Skin              |     4 |       ||     4
Dodge: Dodged            |    74 |       ||    74
Block: Other             |     3 |       ||     3
